[Event "EYCC 2017"]
[Site "Mamaia"]
[Date "2017.09.11"]
[Round "6"]
[White "Gharibyan, Mamikon"]
[Black "Krstulovic, Alex"]
[Result "1/2-1/2"]
[ECO "D12"]
[WhiteElo "2365"]
[BlackElo "2261"]
[Annotator "NA"]
[PlyCount "52"]
[EventDate "2017.??.??"]
[EventType "swiss"]
[EventCountry "ROU"]
[SourceTitle "playchess.com"]
[Source "ChessBase"]
[SourceQuality "1"]
[TimeControl "40/5400+30:1800+30"]

1. d4 d5 2. c4 c6 3. Nf3 Nf6 4. e3 Bf5 5. Nc3 a6 6. Bd3 Bg6 7. O-O e6 8. Re1 Nbd7 9. e4 dxe4 10. Nxe4 Nxe4 11. Bxe4 Bxe4 12. Rxe4 Be7 13. b3 O-O 14. Bb2 a5 15. Qc2 Bf6 16. Rd1 Qc7 17. g3 Rfd8 18. h4 c5 19. d5 exd5 20. cxd5 Bxb2 21. Qxb2 Nf6 22. Re5 Rd6 23. h5 Rad8 24. h6 gxh6 25. Qd2 Rxd5 26. Qxh6 Rxd1+ 1/2-1/2

[Event "EYCC 2017"]
[Site "Mamaia"]
[Date "2017.09.11"]
[Round "6"]
[White "Salemgareev, Tagir"]
[Black "Parkhov, Yair"]
[Result "1-0"]
[ECO "E12"]
[WhiteElo "2354"]
[BlackElo "2391"]
[Annotator "NA"]
[PlyCount "66"]
[EventDate "2017.??.??"]
[EventType "swiss"]
[EventCountry "ROU"]
[SourceTitle "playchess.com"]
[Source "ChessBase"]
[SourceQuality "1"]
[TimeControl "40/5400+30:1800+30"]

1. d4 Nf6 2. c4 e6 3. Nf3 b6 4. a3 Bb7 5. Nc3 d5 6. cxd5 Nxd5 7. e3 Be7 8. Bb5+ c6 9. Bd3 O-O 10. O-O c5 11. e4 Nxc3 12. bxc3 cxd4 13. cxd4 Nc6 14. Bb2 Rc8 15. Qe2 Na5 16. Rad1 Bf6 17. Rfe1 Qc7 18. Nd2 Qc6 19. Qg4 Qa4 20. e5 Be7 21. Re3 g6 22. Rde1 Rfd8 23. Rh3 Bd5 24. Qf4 Bf8 25. Rxh7 Bg7 26. Qh4 Nb3 27. Nxb3 Qxb3 28. Bc1 Rxc1 29. Rxc1 Rf8 30. Bf1 Be4 31. Rxg7+ Kxg7 32. Qxe4 Qxa3 33. Rc7 Qa2 1-0

[Event "EYCC 2017"]
[Site "Mamaia"]
[Date "2017.09.11"]
[Round "6"]
[White "Van Dael, Siem"]
[Black "Katopodis, Dimitrios"]
[Result "0-1"]
[ECO "C41"]
[WhiteElo "2319"]
[BlackElo "2210"]
[Annotator "RC"]
[PlyCount "140"]
[EventDate "2017.??.??"]
[EventType "swiss"]
[EventCountry "ROU"]
[SourceTitle "playchess.com"]
[Source "ChessBase"]
[SourceQuality "1"]
[TimeControl "40/5400+30:1800+30"]

1. e4 d6 2. d4 Nf6 3. Nc3 e5 4. Nf3 Nbd7 5. Bc4 Be7 6. a4 a5 7. O-O O-O 8. Ba2 c6 9. Qe2 h6 10. Rd1 Qc7 11. h3 exd4 12. Nxd4 Nc5 13. Bf4 Re8 14. Qc4 Be6 15. Nxe6 Nxe6 16. Bh2 Rad8 17. Rd2 Nd7 18. f4 Qb6+ 19. Kh1 Qb4 20. Rad1 Qxc4 21. Bxc4 Nb6 22. Bxe6 fxe6 23. b3 d5 24. Bg1 Nd7 25. Rd3 Bc5 26. Bh2 Nf6 27. e5 Nd7 28. f5 Bb6 29. Rf3 exf5 30. Rxf5 g6 31. Rf3 Nxe5 32. Rf6 Kg7 33. Rdf1 Rd7 34. Ne2 Nf7 35. Nc1 Ng5 36. Nd3 Ne4 37. R6f3 Nd2 38. Ne5 Nxf3 39. Nxd7 Nxh2 40. Kxh2 Bc7+ 41. Kh1 b6 42. Kg1 h5 43. g4 hxg4 44. hxg4 Re2 45. c4 d4 46. c5 b5 47. axb5 cxb5 48. Rd1 Re4 49. g5 Rg4+ 50. Kf1 Kf7 51. Ke2 Ke6 52. c6 Kd6 53. Nf6 Rg2+ 54. Kf3 Rc2 55. Rxd4+ Kxc6 56. Nd5 Bd6 57. Ke4 Rg2 58. Nc3 Rxg5 59. Rd1 Rg4+ 60. Kd3 Rg3+ 61. Kc2 Be5 62. Ne2 Re3 63. Nc1 g5 64. Rh1 g4 65. Nd3 Kd5 66. Rh5 Kd4 67. Nc1 Ke4 68. Rg5 Rc3+ 69. Kd2 Rxc1 70. Rxg4+ Kf5 0-1

[Event "EYCC 2017"]
[Site "Mamaia"]
[Date "2017.09.11"]
[Round "6"]
[White "Avalyan, Artur"]
[Black "Tomasi, Albert"]
[Result "1/2-1/2"]
[ECO "A58"]
[WhiteElo "2277"]
[BlackElo "2343"]
[Annotator "NA"]
[PlyCount "70"]
[EventDate "2017.??.??"]
[EventType "swiss"]
[EventCountry "ROU"]
[SourceTitle "playchess.com"]
[Source "ChessBase"]
[SourceQuality "1"]
[TimeControl "40/5400+30:1800+30"]

1. d4 Nf6 2. c4 c5 3. d5 b5 4. cxb5 a6 5. bxa6 e6 6. Nc3 exd5 7. Nxd5 Bxa6 8. e4 Bxf1 9. Kxf1 Be7 10. Nc3 Nc6 11. Nf3 O-O 12. g3 c4 13. Kg2 Re8 14. Re1 Bb4 15. Bg5 Bxc3 16. bxc3 h6 17. Bxf6 Qxf6 18. Qc2 Ra3 19. Rac1 d6 20. Re3 Rea8 21. Qe2 Rxa2 22. Qxc4 Ne5 23. Qf1 Ng4 24. Re2 Qxf3+ 25. Kxf3 Nxh2+ 26. Ke3 Nxf1+ 27. Rxf1 Rxe2+ 28. Kxe2 Kf8 29. Kd3 Ra2 30. Kd4 Ke7 31. f4 Rd2+ 32. Ke3 Rg2 33. Rf3 Ke6 34. Kd4 f5 35. Rd3 fxe4 {[%emt 0:02:00] Ke5+ Kxe5} 1/2-1/2

[Event "EYCC 2017"]
[Site "Mamaia"]
[Date "2017.09.11"]
[Round "6"]
[White "Yeritsyan, Aram"]
[Black "De Boer, Eelke"]
[Result "1/2-1/2"]
[ECO "B54"]
[WhiteElo "2264"]
[BlackElo "2233"]
[Annotator "NA"]
[PlyCount "101"]
[EventDate "2017.??.??"]
[EventType "swiss"]
[EventCountry "ROU"]
[SourceTitle "playchess.com"]
[Source "ChessBase"]
[SourceQuality "1"]
[TimeControl "40/5400+30:1800+30"]

1. e4 c5 2. Nf3 d6 3. d4 cxd4 4. Nxd4 Nf6 5. f3 e5 6. Nb3 d5 7. Bg5 d4 8. c3 Nc6 9. cxd4 Bb4+ 10. Bd2 Nxe4 11. Bxb4 Qh4+ 12. g3 Nxg3 13. hxg3 Qxg3+ 14. Kd2 Nxb4 15. Bb5+ Ke7 16. Qe2 Bf5 17. Nc3 a6 18. Bc4 Rhd8 19. Rag1 Qf4+ 20. Qe3 Qxe3+ 21. Kxe3 Nc2+ 22. Ke2 Nxd4+ 23. Nxd4 Rxd4 24. Bd5 Rd8 25. Rd1 Rxd1 26. Rxd1 Rd7 27. b4 h5 28. Rh1 g6 29. a4 Be6 30. Bxe6 Kxe6 31. Ne4 b6 32. Rc1 f5 33. Rc6+ Kd5 34. Rxg6 fxe4 35. fxe4+ Kxe4 36. Rxb6 a5 37. bxa5 Rd4 38. Rh6 Rxa4 39. Rxh5 Ra2+ 40. Ke1 Rxa5 41. Rh3 Rd5 42. Ke2 Rd6 43. Rh4+ Kf5 44. Ke3 Rd8 45. Rh5+ Ke6 46. Rh1 Ra8 47. Rb1 Ra3+ 48. Ke4 Ra4+ 49. Ke3 Rh4 50. Rb8 Rh3+ 51. Ke4 1/2-1/2

[Event "EYCC 2017"]
[Site "Mamaia"]
[Date "2017.09.11"]
[Round "6"]
[White "Can, Isik"]
[Black "Kharitonov, Egor"]
[Result "1/2-1/2"]
[ECO "B41"]
[WhiteElo "2239"]
[BlackElo "2387"]
[Annotator "NA"]
[PlyCount "81"]
[EventDate "2017.??.??"]
[EventType "swiss"]
[EventCountry "ROU"]
[SourceTitle "playchess.com"]
[Source "ChessBase"]
[SourceQuality "1"]
[TimeControl "40/5400+30:1800+30"]

1. e4 c5 2. Nf3 e6 3. d4 cxd4 4. Nxd4 a6 5. c4 Nf6 6. Nc3 Bb4 7. Qd3 Nc6 8. Nxc6 dxc6 9. Qxd8+ Kxd8 10. e5 Ne4 11. a3 Bxc3+ 12. bxc3 Nxc3 13. Bd2 Na4 14. Bd3 Kc7 15. Rb1 b6 16. Bc2 Nc5 17. Bb4 Nb7 18. a4 a5 19. Ba3 c5 20. O-O Nd8 21. Rfd1 Nc6 22. Rd6 Bb7 23. Be4 Rad8 24. f4 Nb4 25. Bxb7 Kxb7 26. Rbd1 Kc7 27. Kf2 Rxd6 28. Rxd6 Rd8 29. Rxd8 Kxd8 30. Kf3 Ke7 31. Ke4 f6 32. Bb2 Nc6 33. Bc3 Kf7 34. g4 Nb8 35. Bb2 Nd7 36. Bc3 fxe5 37. Bxe5 Nxe5 38. fxe5 Kg6 39. h4 Kh6 40. Ke3 g6 41. Ke4 1/2-1/2

[Event "EYCC 2017"]
[Site "Mamaia"]
[Date "2017.09.11"]
[Round "6"]
[White "Schneider, Jana"]
[Black "Muetsch, Annmarie"]
[Result "1-0"]
[ECO "B33"]
[WhiteElo "2231"]
[BlackElo "2137"]
[Annotator "NA"]
[PlyCount "66"]
[EventDate "2017.??.??"]
[EventType "swiss"]
[EventCountry "ROU"]
[SourceTitle "playchess.com"]
[Source "ChessBase"]
[SourceQuality "1"]
[TimeControl "40/5400+30:1800+30"]

1. e4 c5 2. Nf3 e6 3. d4 cxd4 4. Nxd4 Nf6 5. Nc3 Nc6 6. Ndb5 d6 7. Bf4 e5 8. Bg5 a6 9. Na3 b5 10. Nd5 Be7 11. Bxf6 Bxf6 12. c3 O-O 13. Nc2 Rb8 14. h4 Be7 15. g3 Be6 16. a3 a5 17. Nce3 Qd7 18. a4 b4 19. Bb5 Bd8 20. cxb4 axb4 21. Rc1 Rxb5 22. axb5 Nd4 23. Qd3 Bh3 24. b6 Nf3+ 25. Kd1 Be6 26. Qa6 Bxd5 27. exd5 Nd4 28. Rc8 f5 29. b7 f4 30. b8=Q fxe3 31. Qbxd6 Qg4+ 32. Kc1 Qe4 33. fxe3 Nb3+ 1-0

[Event "EYCC 2017"]
[Site "Mamaia"]
[Date "2017.09.11"]
[Round "6"]
[White "Shafigullina, Zarina"]
[Black "Heydarova, Aytaj"]
[Result "1/2-1/2"]
[ECO "E68"]
[WhiteElo "2130"]
[BlackElo "1850"]
[Annotator "NA"]
[PlyCount "60"]
[EventDate "2017.??.??"]
[EventType "swiss"]
[EventCountry "ROU"]
[SourceTitle "playchess.com"]
[Source "ChessBase"]
[SourceQuality "1"]
[TimeControl "40/5400+30:1800+30"]

1. d4 Nf6 2. Nf3 g6 3. g3 Bg7 4. Bg2 d6 5. O-O Nbd7 6. c4 O-O 7. Nc3 e5 8. e4 Re8 9. Re1 c6 10. h3 Qc7 11. d5 a5 12. Be3 Nc5 13. Bxc5 dxc5 14. a4 Qb6 15. Ra3 Qa6 16. Bf1 Bd7 17. Qd2 b6 18. dxc6 Bxc6 19. Nd5 Rac8 20. Qg5 Re6 21. h4 h6 22. Qd2 Ng4 23. Nc7 Rxc7 24. Qd8+ Bf8 25. Qxc7 Qa8 26. Rd1 Re8 27. Bh3 Rc8 28. Qxb6 Rb8 29. Qc7 Rc8 30. Qb6 Rb8 1/2-1/2

[Event "EYCC 2017"]
[Site "Mamaia"]
[Date "2017.09.11"]
[Round "6"]
[White "Represa Perez, Mireya"]
[Black "Sosa Suarez, Carla Cristina"]
[Result "1/2-1/2"]
[ECO "C10"]
[WhiteElo "2082"]
[BlackElo "1930"]
[Annotator "NA RC"]
[PlyCount "123"]
[EventDate "2017.??.??"]
[EventType "swiss"]
[EventCountry "ROU"]
[SourceTitle "playchess.com"]
[Source "ChessBase"]
[SourceQuality "1"]
[TimeControl "40/5400+30:1800+30"]

1. e4 e6 2. d4 d5 3. Nc3 Nc6 4. Nf3 Nf6 5. Bg5 Be7 6. Bxf6 Bxf6 7. Bb5 O-O 8. O-O a6 9. Bxc6 bxc6 10. e5 {[%emt 0:01:04] C10: French with 3 Nc3: Unusual Black 3rd moves and 3...dxe4} (10. Re1 Rb8 11. e5 Be7 12. Na4 f6 13. b3 f5 14. Qd3 Kh8 15. c4 a5 16. cxd5 cxd5 17. Rac1 g5 {1-0 (33) Guliyev,N (2690)-Leruste,G (2270) Le Port Marly 2012}) 10... Be7 11. Na4 Rb8 $146 ({Predecessor:} 11... a5 12. Re1 f6 13. a3 Bd7 14. Qd3 f5 15. Nd2 f4 16. Qc3 Qe8 17. Rad1 Qb8 {0-1 (54) Egger Mancilla,J (2431)-Andueza Quezada,D (2176) Santiago de Chile 2007}) 12. c3 f6 13. exf6 gxf6 14. Re1 Qe8 15. Qe2 Qg6 16. b4 Bd7 17. Nb2 Rb6 18. Nd3 Bd6 19. Nd2 Rbb8 20. Nb3 Rbe8 21. Nbc5 Bc8 22. f4 Re7 23. Rf1 Rfe8 24. Rf3 Kh8 25. Re3 Qf5 26. Rf1 Rg8 27. Kh1 Reg7 28. g3 Qh3 29. Qg2 Qh6 30. Qf2 Qh3 31. Rfe1 h5 32. Qf1 Qf5 33. Qe2 h4 34. Rf3 hxg3 35. hxg3 Rh7+ 36. Kg1 Rh3 37. Qg2 Qg4 38. Nf2 Qxg3 39. Rxg3 Rhxg3 40. Qxg3 Rxg3+ 41. Kf1 Rxc3 42. Nfd3 Kg7 $19 43. f5 $2 (43. Kf2) 43... e5 44. dxe5 fxe5 45. Nxe5 Bxc5 46. bxc5 Rxc5 47. Nd3 Rc3 48. Re7+ Kf6 49. Rxc7 Bxf5 50. Nb4 Ke6 51. Rxc6+ Rxc6 52. Nxc6 Bb1 53. Nb4 d4 54. Ke1 a5 55. Nc6 Kd5 56. Nxa5 Bxa2 57. Kd2 Kc5 58. Nb7+ Kc6 59. Kd3 Kd5 60. Na5 Bb1+ 61. Kd2 d3 62. Nb3 1/2-1/2

[Event "EYCC 2017"]
[Site "Mamaia"]
[Date "2017.09.11"]
[Round "6"]
[White "Chyzy, Jakub"]
[Black "Oglaza, Oskar"]
[Result "1-0"]
[ECO "B53"]
[WhiteElo "2060"]
[BlackElo "2198"]
[Annotator "RC"]
[PlyCount "69"]
[EventDate "2017.??.??"]
[EventType "swiss"]
[EventCountry "ROU"]
[SourceTitle "playchess.com"]
[Source "ChessBase"]
[SourceQuality "1"]
[TimeControl "40/5400+30:1800+30"]

1. e4 c5 2. Nf3 d6 3. d4 cxd4 4. Qxd4 Nc6 5. Bb5 a6 6. Bxc6+ bxc6 7. c4 e5 8. Qd3 Be7 9. Nc3 Qc7 10. O-O Nf6 11. b4 O-O 12. Rd1 Rd8 13. Rb1 Bg4 14. a4 Rac8 15. a5 Nd7 16. Be3 f5 17. b5 f4 18. bxc6 Qxc6 19. Nd5 Bf8 20. Bb6 Nc5 21. Bxc5 Qxc5 22. Nb6 Be6 23. Ng5 Bxc4 24. Qh3 h6 25. Ne6 Bxe6 26. Qxe6+ Kh8 27. Nxc8 Rxc8 28. h3 Rd8 29. Rdc1 Qxa5 30. Rc8 Be7 31. Rbb8 Qe1+ 32. Kh2 Rxc8 33. Rxc8+ Kh7 34. Qf5+ g6 35. Qf7# 1-0

[Event "EYCC 2017"]
[Site "Mamaia"]
[Date "2017.09.11"]
[Round "6"]
[White "Berdnyk, Mariia"]
[Black "Krasteva, Beloslava"]
[Result "1/2-1/2"]
[ECO "B93"]
[WhiteElo "2055"]
[BlackElo "2048"]
[Annotator "NA RC"]
[PlyCount "94"]
[EventDate "2017.??.??"]
[EventType "swiss"]
[EventCountry "ROU"]
[SourceTitle "playchess.com"]
[Source "ChessBase"]
[SourceQuality "1"]
[TimeControl "40/5400+30:1800+30"]

1. e4 c5 2. Nf3 d6 3. d4 cxd4 4. Nxd4 Nf6 5. Nc3 a6 6. f4 e6 7. Qf3 Qc7 8. g4 Nc6 9. Nb3 b5 {[%emt 0:04:27] B82: Sicilian Scheveningen: 6 f4} 10. g5 Nd7 11. Be3 (11. Bd3 Bb7 12. Bd2 Nc5 13. O-O-O Nxd3+ 14. Qxd3 b4 15. Ne2 a5 16. Nbd4 Ba6 17. Qb3 e5 18. fxe5 dxe5 19. Nxc6 Qxc6 20. Rhe1 Rc8 21. Kb1 Bc4 22. Qf3 {½-½ (22) Ganguly,S (2579)-Deepan Chakkravarthy,J (2491) Vishakapatnam 2008}) 11... Bb7 12. Bd3 Be7 13. Qf2 Rc8 $146 ({Find the theoretical novelty and annotate with similar games:} 13... Nb4 14. O-O g6 15. a4 O-O 16. axb5 Nxd3 17. cxd3 axb5 18. Nxb5 Qb8 {1-0 (26) Bakre,T (2455)-Hegde,R (2233) Mumbai 2008}) 14. O-O Qd8 15. f5 exf5 16. Qxf5 Nce5 17. Nd5 O-O 18. Bd2 Bxd5 19. Ba5 Qe8 20. exd5 g6 21. Qf4 f6 22. Nd4 fxg5 23. Qg3 Nf6 24. Ne6 Nh5 25. Qe3 Rxf1+ 26. Rxf1 Nf4 27. Nxf4 gxf4 28. Qxf4 Qd7 29. Bc3 Rf8 30. Qg3 Rxf1+ 31. Bxf1 Qf5 32. Bh3 $15 Qe4 33. Be6+ Kf8 34. Qf2+ Qf3 35. Qxf3+ Nxf3+ 36. Kf2 Ng5 37. Bc8 Ne4+ 38. Ke2 Nxc3+ 39. bxc3 a5 40. a3 Bd8 41. Bd7 Bb6 42. Bxb5 a4 43. Bxa4 Bc5 44. Kf3 Bxa3 45. Kg4 Kg7 46. c4 Kf6 47. Bd7 Bc5 1/2-1/2

[Event "EYCC 2017"]
[Site "Mamaia"]
[Date "2017.09.11"]
[Round "6"]
[White "Asatryan, Sona"]
[Black "Avetisyan, Mariam"]
[Result "1-0"]
[ECO "C06"]
[WhiteElo "2043"]
[BlackElo "1976"]
[Annotator "NA RC"]
[PlyCount "109"]
[EventDate "2017.??.??"]
[EventType "swiss"]
[EventCountry "ROU"]
[SourceTitle "playchess.com"]
[Source "ChessBase"]
[SourceQuality "1"]
[TimeControl "40/5400+30:1800+30"]

1. e4 e6 2. d4 d5 3. Nd2 Nf6 4. e5 Nfd7 5. Bd3 c5 6. c3 Nc6 7. Ne2 cxd4 8. cxd4 f6 9. exf6 Nxf6 10. O-O Bd6 11. Nf3 Qc7 12. Bg5 O-O 13. Bh4 Nh5 14. Qc2 h6 15. Bh7+ {[%emt 0:03:35] C06: French Tarrasch: 3...Nf6 4 e5 Nfd7 5 Bd3 main lines} Kh8 16. Bg6 Rxf3 (16... Nf4 17. Nxf4 Rxf4 18. Bg3 Rxf3 19. gxf3 Qe7 20. Rad1 Bd7 21. Qc3 Rf8 22. Bb1 Kg8 {1-0 (41) Artemiev,V (2653)-Onischuk,V (2615) Martuni 2016}) 17. Bxh5 Rf8 18. Bg3 Bd7 19. Qd2 Be8 20. Bg4 Rf6 $146 ({Predecessor:} 20... e5 21. dxe5 Nxe5 22. Be6 Bb5 23. Bxd5 {1-0 (58) Silber,K (2049)-Brunner,W (2037) Willingen 2017}) 21. Nc3 a6 22. Rfe1 Bf7 23. Re3 Bf4 24. Qd1 Rf8 25. Ne2 Bd6 26. Rf3 Rxf3 27. Bxf3 Bg8 28. Rc1 Bxg3 29. hxg3 g5 30. Qd2 Qg7 31. Rd1 Bh7 32. Nc3 Qf6 (32... g4 $5 33. Be2 b5 $11) 33. Qe3 Kg7 34. a3 Bf5 35. b4 Rc8 36. Rd2 b5 37. g4 Bg6 38. Bd1 Nd8 39. Bc2 Bxc2 40. Rxc2 Rc4 41. Rd2 Nb7 42. Ne2 Nd6 $11 43. Ng3 Kf7 44. Nh5 Qg6 45. Qe5 Nf5 46. Rd3 Nh4 47. Qd6 Kg8 48. Qd8+ Kf7 49. Re3 Rc1+ 50. Kh2 Rc2 51. Qd7+ Kf8 52. Rxe6 Nf3+ {[%emt 0:00:30] Re3 [%clk 0:11:20] Nh4 [%clk 0:01:12] Re6 [%clk 0:11:26] Nf3+ [%clk 0:01:07]} 53. Kg3 Rc3 54. Qe7+ Kg8 55. Rxg6+ 1-0

[Event "EYCC 2017"]
[Site "Mamaia"]
[Date "2017.09.11"]
[Round "6"]
[White "Mironenko, Galina"]
[Black "Zvereva, Margarita"]
[Result "1/2-1/2"]
[ECO "A05"]
[WhiteElo "2035"]
[BlackElo "1790"]
[Annotator "NA RC"]
[PlyCount "103"]
[EventDate "2017.??.??"]
[EventType "swiss"]
[EventCountry "ROU"]
[SourceTitle "playchess.com"]
[Source "ChessBase"]
[SourceQuality "1"]
[TimeControl "40/5400+30:1800+30"]

1. Nf3 Nf6 2. c4 e6 3. g3 d5 4. Bg2 Be7 5. cxd5 exd5 6. O-O O-O 7. Qc2 {[%emt 0:00:05] A14: English Opening: 1...e6 with b3 by White} c6 (7... c5 8. d4 Na6 9. dxc5 Nxc5 10. Rd1 Nce4 11. Ng5 Bf5 12. Nxe4 Bxe4 13. Bxe4 Nxe4 14. Be3 Rc8 {1-0 (61) Ponkratov,P (2604)-Landa,K (2625) Minsk 2015}) 8. d3 Re8 9. b3 Nbd7 10. Bb2 Nf8 $146 ({Predecessor:} 10... Bf8 11. Nc3 g6 12. Rad1 Qa5 13. a3 Bg7 14. h3 h6 15. Rfe1 {½-½ (45) Carlino,E-Garcia,C Posadas 2004}) 11. h3 Ng6 12. Nbd2 Bd7 13. e4 dxe4 14. dxe4 h6 15. Rfe1 Qc8 16. Kh2 Nh7 17. Qc3 Bf8 18. Nc4 Qc7 19. Rad1 Be6 20. e5 Red8 21. Nfd2 Bd5 22. Ne4 Ng5 23. Ncd6 Nxe4 24. Nxe4 Qe7 25. Nd6 Bxg2 26. Kxg2 Qc7 27. f4 Ne7 28. Qc4 Nc8 29. Nf5 Nb6 30. Qe4 Rxd1 31. Rxd1 Re8 32. Qf3 c5 33. Nd6 Bxd6 34. exd6 Qc6 35. Qxc6 bxc6 36. Kf2 Rd8 37. Ba3 Nd7 38. Kf3 Re8 39. g4 Re6 40. h4 f6 41. Bb2 Re8 42. f5 Kf7 43. h5 $16 Kf8 44. Ba3 Re5 45. b4 cxb4 46. Bxb4 Rb5 47. Bc3 Rc5 48. Rd3 Rb5 49. Rd1 Rc5 50. Rd3 Rb5 51. Kf4 Rc5 52. Kf3 1/2-1/2

[Event "EYCC 2017"]
[Site "Mamaia"]
[Date "2017.09.11"]
[Round "6"]
[White "Hercog, Nusa"]
[Black "Lehaci, Miruna-Daria"]
[Result "1/2-1/2"]
[ECO "E11"]
[WhiteElo "2034"]
[BlackElo "1914"]
[Annotator "NA RC"]
[PlyCount "142"]
[EventDate "2017.??.??"]
[EventType "swiss"]
[EventCountry "ROU"]
[SourceTitle "playchess.com"]
[Source "ChessBase"]
[SourceQuality "1"]
[TimeControl "40/5400+30:1800+30"]

1. d4 e6 2. c4 Nf6 3. Nf3 Bb4+ 4. Nbd2 b6 5. a3 Bxd2+ 6. Qxd2 Bb7 7. e3 d6 8. Be2 O-O 9. O-O a5 10. b3 Nbd7 11. Bb2 Qe7 12. Rfd1 Ne4 13. Qc2 Ndf6 14. Bd3 c5 15. Rac1 Bc6 16. a4 Rac8 17. Ne1 d5 18. f3 Nd6 19. dxc5 bxc5 20. Bxf6 Qxf6 21. Bxh7+ Kh8 22. Bd3 d4 23. exd4 cxd4 24. Qd2 Nb7 25. Bc2 e5 26. Nd3 Rfe8 27. Nf2 Kg8 28. Ng4 Qe6 29. Qg5 f6 30. Qg6 e4 31. fxe4 f5 32. Nh6+ Kf8 33. Qxe6 Rxe6 34. Nxf5 Bxe4 35. Nxd4 Re7 36. Rf1+ Kg8 37. Bxe4 Rxe4 38. Nb5 Re2 39. Rce1 Rb2 40. Re7 Nc5 41. Nd6 Rd8 42. Ne8 Rd7 43. Rxd7 Nxd7 44. Rd1 Ne5 45. Nd6 Rxb3 46. h3 Rb4 47. Rd5 Nxc4 48. Nxc4 Rxc4 49. Rxa5 Kf7 50. Ra8 Kf6 51. a5 Kg5 52. a6 Ra4 53. a7 Ra2 54. Kh2 Ra3 55. Kg1 Ra2 56. Kf1 Ra1+ 57. Ke2 Ra2+ 58. Kd3 Ra3+ 59. Kc4 Ra1 60. Kd5 Ra6 61. g4 Ra1 62. Ke6 Kg6 63. h4 Re1+ 64. Kd5 Rd1+ 65. Ke4 Re1+ 66. Kd3 Ra1 67. h5+ Kh7 68. g5 g6 69. h6 Rd1+ 70. Kc2 Ra1 71. Kb2 Ra5 1/2-1/2

[Event "EYCC 2017"]
[Site "Mamaia"]
[Date "2017.09.11"]
[Round "6"]
[White "Bulatova, Kamaliya"]
[Black "Esadze, Tamari"]
[Result "0-1"]
[ECO "D35"]
[WhiteElo "2014"]
[BlackElo "1863"]
[Annotator "NA RC"]
[PlyCount "118"]
[EventDate "2017.??.??"]
[EventType "swiss"]
[EventCountry "ROU"]
[SourceTitle "playchess.com"]
[Source "ChessBase"]
[SourceQuality "1"]
[TimeControl "40/5400+30:1800+30"]

1. d4 d5 2. c4 e6 3. Nc3 Nf6 4. cxd5 exd5 5. Bg5 Be7 6. e3 O-O 7. Qc2 h6 8. Bh4 b6 9. Bd3 Bb7 10. Nf3 c5 11. O-O Nc6 12. a3 Nh5 13. Bxe7 Nxe7 14. Rad1 c4 15. Be2 Nf6 16. b3 cxb3 17. Qxb3 Ne4 18. Bd3 Rc8 19. Bxe4 dxe4 20. Nd2 Nd5 21. Ncxe4 f5 22. Ng3 Rc3 23. Qb2 Qe7 24. Nb1 Rcc8 25. Rfe1 Qg5 26. Qb3 Kh8 27. f4 Qg6 28. Qb2 h5 29. Qf2 Rfe8 30. Nf1 Qc6 31. Nbd2 Nc3 32. Rc1 Qb5 33. Ra1 Re6 34. Qh4 g6 35. Qf2 Qd3 36. Nf3 Bxf3 37. Qxf3 Ne4 38. Red1 Qc2 39. Ng3 Nc3 40. Re1 Rce8 41. Nf1 Qd3 42. Rac1 Re4 43. Qf2 Nd5 44. Red1 Qxa3 45. Rc6 R4e6 46. Rdc1 Qe7 47. Qa2 Rxc6 48. Rxc6 Nb4 49. Qc4 Nxc6 50. Qxc6 Qe6 51. Qc3 Kh7 52. Qa3 a5 53. Kf2 Rc8 54. Nd2 Rc2 55. Ke1 b5 56. Nf3 b4 57. Ng5+ Kh6 58. Qd3 Qa2 59. Qd1 Qb2 0-1

[Event "EYCC 2017"]
[Site "Mamaia"]
[Date "2017.09.11"]
[Round "6"]
[White "Zotova, Anastasia"]
[Black "Shpanko, Nadiia"]
[Result "0-1"]
[ECO "B02"]
[WhiteElo "2009"]
[BlackElo "2065"]
[Annotator "NA RC"]
[PlyCount "118"]
[EventDate "2017.??.??"]
[EventType "swiss"]
[EventCountry "ROU"]
[SourceTitle "playchess.com"]
[Source "ChessBase"]
[SourceQuality "1"]
[TimeControl "40/5400+30:1800+30"]

1. e4 Nf6 2. Nc3 d5 3. exd5 Nxd5 4. Bc4 e6 5. Nf3 Nxc3 6. bxc3 Be7 7. O-O O-O 8. d4 c5 9. Qe2 Nc6 10. Rd1 Qc7 11. Bd3 cxd4 12. cxd4 Nb4 13. Ba3 Nxd3 14. Bxe7 Nf4 15. Qe5 Nh3+ 16. gxh3 Qxe7 17. d5 f6 18. d6 Qf7 19. Qe4 e5 20. Rab1 Rb8 21. Rb3 Be6 22. Ra3 b6 23. Nh4 Rfc8 24. Nf5 Qg6+ 25. Ng3 Qxe4 26. Nxe4 a5 27. Rd2 Rc6 28. Nc3 Rd8 29. Ne4 Bf5 30. Ng3 Bxc2 31. d7 Kf7 32. Re3 Rc7 33. Rd6 Rb7 34. Rc3 Ba4 35. Ra3 Rdxd7 36. Nf5 Bc2 37. Rxd7+ Rxd7 38. Ne3 Bd3 39. Rb3 b5 40. a3 Bc4 41. Rb2 Bd3 42. Nd1 Rc7 43. Kg2 Rc2 44. Rb3 Bc4 45. Rb1 Ra2 46. Nc3 Rxa3 47. Nxb5 Bd5+ 48. Kg1 Rb3 49. Rxb3 Bxb3 50. Kg2 Ke6 51. Kf3 a4 52. Ke3 Kd5 53. f4 exf4+ 54. Kxf4 Kc5 55. Na3 Kb4 56. Nb1 a3 57. Nxa3 Kxa3 58. h4 Kb4 59. h5 Be6 0-1

[Event "EYCC 2017"]
[Site "Mamaia"]
[Date "2017.09.11"]
[Round "6"]
[White "Miroshnik, Ekaterina"]
[Black "Slaba, Andrea"]
[Result "1-0"]
[ECO "E73"]
[WhiteElo "2006"]
[BlackElo "1840"]
[Annotator "NA RC"]
[PlyCount "125"]
[EventDate "2017.??.??"]
[EventType "swiss"]
[EventCountry "ROU"]
[SourceTitle "playchess.com"]
[Source "ChessBase"]
[SourceQuality "1"]
[TimeControl "40/5400+30:1800+30"]

1. d4 Nf6 2. c4 g6 3. Nc3 Bg7 4. e4 d6 5. Be2 O-O 6. Bg5 Nbd7 7. Qd2 c6 8. Nf3 Qc7 9. Bh6 e5 10. Bxg7 Kxg7 11. O-O Nh5 12. g3 Ndf6 13. dxe5 dxe5 14. Rfd1 Ng4 15. h3 Ngf6 16. Kg2 Bd7 17. Qg5 Rfe8 18. Qe3 h6 19. c5 Kh7 20. Nd2 Be6 21. Nc4 Bxc4 22. Bxc4 Rad8 23. b4 b5 24. cxb6 axb6 25. a4 Rxd1 26. Rxd1 Rc8 27. Bb3 c5 28. Nb5 Qe7 29. Nd6 Rf8 30. bxc5 bxc5 31. Qxc5 Nd7 32. Qc6 Nhf6 33. Qc7 Kg7 34. a5 Qd8 35. Qxd8 Rxd8 36. a6 Ra8 37. Bc4 Nc5 38. Ra1 Ncd7 39. a7 Nb6 40. Bb5 Rd8 41. Nc4 Na8 42. Bc6 Nc7 43. a8=Q Nxa8 44. Rxa8 Rd4 45. Nxe5 Nxe4 46. Bxe4 Rxe4 47. Ng4 Re6 48. Ra5 Re7 49. f4 Rb7 50. Kf3 Rb3+ 51. Ne3 Rb1 52. f5 Rb3 53. fxg6 fxg6 54. Ra4 Rb7 55. Nd5 Rb3+ 56. Kf4 Rb7 57. Rc4 Rf7+ 58. Ke4 Rf1 59. Rc7+ Kh8 60. Ke5 Re1+ 61. Kf6 Rg1 62. Kf7 h5 63. Nf6 1-0

[Event "EYCC 2017"]
[Site "Mamaia"]
[Date "2017.09.11"]
[Round "6"]
[White "Gitu, Paula-Alexandra"]
[Black "Limanovska, Elizabete"]
[Result "1-0"]
[ECO "B24"]
[WhiteElo "1948"]
[BlackElo "2071"]
[Annotator "NA RC"]
[PlyCount "127"]
[EventDate "2017.??.??"]
[EventType "swiss"]
[EventCountry "ROU"]
[SourceTitle "playchess.com"]
[Source "ChessBase"]
[SourceQuality "1"]
[TimeControl "40/5400+30:1800+30"]

1. e4 c5 2. Nc3 Nc6 3. g3 g6 4. Bg2 Bg7 5. d3 e6 6. f4 d6 7. Nf3 Nge7 8. O-O d5 9. e5 a6 10. Ne2 O-O 11. c3 Bd7 12. Be3 Rc8 13. g4 b6 14. Ng3 f6 15. exf6 Bxf6 16. d4 cxd4 17. cxd4 Nb4 18. Rf2 Qc7 19. Rc1 Qb7 20. Rxc8 Rxc8 21. a3 Nbc6 22. Ne5 Nxe5 23. fxe5 Bg7 24. Rc2 Nc6 25. Bf1 Na5 26. Qc1 b5 27. Rxc8+ Qxc8 28. Qxc8+ Bxc8 29. b4 Nc4 30. Bc1 Bd7 31. Kf2 Bf8 32. Bxc4 bxc4 33. Ne2 Kf7 34. g5 Ke8 35. Ke1 Kd8 36. Kd2 Kc7 37. Kc3 Kb6 38. Kb2 a5 39. Bd2 axb4 40. Bxb4 Bg7 41. Nc3 Be8 42. Nd1 h5 43. Nc3 Bd7 44. Ne2 Be8 45. Nf4 Bf7 46. a4 Ka6 47. Ka3 Kb6 48. Bc5+ Kb7 49. Kb4 Ka6 50. Bd6 Kb6 51. Be7 Ka6 52. Bc5 Kb7 53. Ka5 Kc6 54. Bd6 Kb7 55. Ne2 Be8 56. Nc3 Ka7 57. Na2 Bc6 58. Nb4 Bd7 59. Na6 Be8 60. Nc5 Bf7 61. Be7 Kb8 62. Kb6 Ka8 63. Bd6 c3 64. Ka6 1-0